Map: Acropolis LE

Players

LiquidTLO (TLO)

  • Race: Zerg Zerg
  • League: Master
  • Spawn Location: 11:00

llllllllllll (Trap) - Winner!

  • Race: Protoss Protoss
  • League: Master
  • Spawn Location: 5:00

Event: HomeStory Cup XX

VOD

Have the link to the VOD?

Description

Time

  • Played on: Nov. 21, 2019, 10:18 a.m.
  • Length: 8:54

All games in this series

Show
View Real Time Build Order
Export as new Build Order

LiquidTLO Zerg 

Build Orders: Hatch First 

Get SALT Encoding   

  12  0:00  Drone  
  13  0:12  Overlord  
  13  0:17  Drone  
  14  0:31  Drone x2  
  16  0:47  Hatchery  
  15  0:51  Drone  
  15  0:55  Drone  
  17  0:59  Drone  
  18  1:06  Extractor  
  17  1:14  Spawning Pool  
  17  1:17  Drone  
  17  1:20  Drone  
  18  1:28  Drone  
  19  1:39  Drone  
  20  1:49  Drone  
  21  2:00  Queen x2  
  25  2:02  Overlord  
  25  2:05  Metabolic Boost  
  25  2:09  Zergling x2  
  25  2:11  Zergling x2  
  25  2:14  Drone  
  28  2:21  Drone  
  28  2:22  Drone  
  30  2:35  Hatchery  
  29  2:42  Zergling x4  
  32  2:44  Zergling x4  
  33  2:53  Overlord  
  33  2:54  Drone  
  33  2:57  Queen  
  36  3:06  Overlord  
  36  3:12  Drone x4  
  40  3:16  Overlord  
  40  3:19  Drone  
  41  3:20  Drone  
  41  3:22  Drone  
  41  3:25  Drone  
  44  3:31  Queen  
  44  3:33  Drone  
  47  3:36  Overlord  
  47  3:43  Spore Crawler  
  47  3:44  Spore Crawler, Drone  
  47  3:45  Drone  
  47  3:51  Drone  
  47  3:52  Drone  
  47  3:55  Drone  
  50  3:58  Drone  
  50  3:59  Drone x2  
  50  4:00  Spore Crawler  
  51  4:05  Drone  
  51  4:07  Drone  
  51  4:09  Drone  
  54  4:10  Drone x2  
  54  4:11  Drone  
  54  4:12  Drone  
  54  4:24  Zergling x2  
  54  4:25  Zergling x8  
  54  4:28  Extractor  
  57  4:31  Drone  
  57  4:32  Extractor x2, Roach Warren  
  57  4:35  Drone  
  57  4:36  Drone  
  57  4:39  Queen  
  57  4:40  Zergling x2  
  57  4:43  Lair  
  61  4:45  Drone  
  61  4:46  Drone  
  61  4:50  Drone  
  61  4:52  Drone  
  64  4:57  Drone  
  64  4:58  Drone  
  64  4:59  Drone  
  64  5:00  Drone  
  64  5:03  Drone  
  64  5:05  Drone  
  65  5:11  Drone  
  65  5:13  Overlord  
  65  5:18  Overlord, Evolution Chamber  
  64  5:21  Overlord  
  64  5:22  Overlord  
  64  5:28  Overlord  
  64  5:34  Roach x4  
  64  5:35  Drone  
  73  5:39  Drone  
  73  5:40  Roach  
  76  5:42  Glial Reconstitution  
  76  5:44  Zerg Missile Weapons Level 1  
  76  5:45  Drone, Roach x2  
  76  5:46  Drone, Roach  
  76  5:49  Roach  
  85  5:50  Drone  
  85  5:51  Drone x2  
  85  5:53  Roach  
  85  5:55  Roach  
  85  5:56  Roach  
  94  5:57  Drone  
  94  6:00  Drone  
  94  6:01  Drone  
  94  6:02  Drone  
  97  6:05  Drone  
  97  6:06  Drone  
  97  6:08  Pneumatized Carapace  
  99  6:11  Queen  
  99  6:13  Roach  
  99  6:14  Roach  
  104  6:23  Overlord  
  104  6:25  Overlord  
  104  6:29  Extractor, Queen  
  104  6:30  Overlord  
  104  6:31  Extractor  
  104  6:35  Overlord  
  104  6:39  Overlord  
  102  6:40  Nydus Network, Overlord  
  102  6:42  Roach  
  102  6:43  Roach  
  102  6:46  Roach  
  107  6:47  Queen, Roach  
  107  6:51  Roach  
  107  6:53  Queen  
  115  6:55  Roach x2  
  115  6:56  Roach  
  115  6:59  Roach  
  115  7:00  Roach  
  125  7:02  Roach  
  125  7:04  Roach  
  125  7:05  Roach  
  125  7:07  Overseer, Roach  
  133  7:09  Roach  
  133  7:11  Ravager x2  
  133  7:14  Overlord  
  137  7:19  Nydus Canal  
  137  7:20  Queen  
  139  7:27  Roach  
  139  7:28  Zergling x8  
  139  7:29  Zergling x2  
  146  7:32  Queen  
  146  7:34  Roach  
  149  7:44  Nydus Canal  
  149  7:46  Queen  
  149  7:47  Ravager x2  
  153  7:59  Nydus Canal  
  153  8:02  Overlord  
  153  8:04  Overlord  
  153  8:09  Overlord  
  149  8:23  Roach  
  149  8:24  Roach  
  149  8:25  Roach  
  149  8:26  Roach  
  153  8:29  Roach x2  
  153  8:31  Roach  
  153  8:33  Roach x2  
  153  8:34  Roach  
  154  8:35  Roach  
Show
View Real Time Build Order
Export as new Build Order

llllllllllll Protoss - Winner!

Build Orders: 1 Gate Expand, Oracle Opening, Phoenix Opening, Mass Phoenix 

Get SALT Encoding   

  12  0:00  Probe  
  13  0:12  Probe  
  14  0:18  Pylon  
  14  0:24  Probe  
  15  0:33  Probe  
  15  0:41  Probe  
  16  0:45  Gateway  
  16  0:46  Assimilator  
  17  0:51  Probe  
  18  1:03  Probe  
  19  1:15  Probe  
  20  1:22  Nexus  
  20  1:34  Cybernetics Core  
  20  1:36  Probe  
  21  1:45  Assimilator  
  21  1:48  Probe  
  21  1:52  Pylon  
  22  2:00  Probe  
  23  2:08  Probe  
  23  2:10  Adept  
  26  2:16  Stargate, Probe  
  27  2:25  Warp Gate  
  27  2:26  Probe  
  28  2:30  Probe  
  29  2:38  Probe x2  
  29  2:40  Adept  
  33  2:48  Probe  
  33  2:51  Probe, Phoenix  
  35  3:00  Probe  
  35  3:03  Probe  
  35  3:04  Oracle  
  39  3:06  Pylon  
  39  3:13  Probe  
  39  3:15  Probe  
  44  3:23  Gateway  
  44  3:25  Probe  
  45  3:27  Probe  
  45  3:31  Assimilator  
  45  3:32  Assimilator  
  45  3:34  Oracle  
  46  3:36  Pylon  
  46  3:37  Probe  
  46  3:39  Probe  
  51  3:49  Pylon  
  51  3:50  Probe  
  51  3:51  Probe  
  53  4:02  Probe  
  54  4:03  Probe  
  55  4:13  Adept  
  57  4:17  Phoenix  
  57  4:18  Adept  
  57  4:19  Probe x2  
  61  4:26  Stargate  
  61  4:28  Pylon  
  61  4:34  Zealot  
  61  4:36  Phoenix  
  65  4:46  Nexus  
  65  4:47  Zealot  
  67  4:53  Pylon  
  67  5:04  Protoss Air Weapons Level 1  
  67  5:05  Phoenix  
  62  5:08  Zealot x2  
  62  5:12  Phoenix  
  65  5:15  Probe x2  
  67  5:28  Phoenix  
  67  5:33  Robotics Facility  
  67  5:34  Probe  
  67  5:35  Probe  
  71  5:36  Robotics Facility  
  71  5:37  Phoenix  
  73  5:44  Adept, Zealot  
  75  5:52  Pylon  
  75  5:53  Phoenix  
  77  6:02  Phoenix  
  77  6:03  Probe x2  
  77  6:04  Probe  
  82  6:07  Shield Battery  
  82  6:11  Sentry  
  82  6:12  Sentry  
  82  6:17  Probe x2  
  88  6:20  Probe  
  89  6:25  Phoenix  
  89  6:29  Probe, Phoenix  
  89  6:30  Probe  
  89  6:31  Immortal  
  89  6:32  Probe  
  96  6:35  Immortal  
  96  6:37  Pylon  
  96  6:39  Pylon  
  107  6:56  Shield Battery, Zealot  
  107  6:57  Shield Battery, Zealot  
  107  6:58  Immortal  
  107  7:00  Gateway  
  108  7:01  Shield Battery  
  108  7:03  Immortal  
  108  7:06  Gateway  
  116  7:20  Sentry  
  116  7:21  Zealot  
  120  7:24  Assimilator  
  120  7:25  Assimilator  
  120  7:28  Shield Battery  
  120  7:30  Pylon  
  120  7:32  Immortal  
  124  7:45  Pylon  
  124  7:46  Pylon  
  124  7:47  Immortal  
  124  7:49  Sentry  
  130  7:53  Sentry  
  130  7:57  Shield Battery  
  132  7:58  Shield Battery  
  132  8:03  Zealot  
  132  8:04  Immortal, Zealot  
  136  8:12  Zealot  
  140  8:29  Sentry  
  140  8:30  Sentry, Zealot  
  146  8:35  Zealot  
  145  8:43  Pylon  
Tags
 
Add a new tag
Caveats
  • Supply blocks, unpowered buildings, or Contaminate may cause inaccurate times.
  • Supply counts are checked every 10 seconds.